 Dungeon Crawl Stone Soup version 0.16.1-14-g82efdee (webtiles) character file.

118 karlm the Firebug (level 5, -2/42 HPs)
             Began as a Naga Wizard on Apr 11, 2015.
             Was an Initiate of Vehumet.
             Slain by Terence
             ... wielding a +0 flail
              (3 damage)
             ... on level 2 of the Dungeon.
             The game lasted 00:08:48 (3108 turns).

karlm the Firebug (Naga Wizard)                     Turns: 3108, Time: 00:08:48

Health: -2/42      AC:  2    Str: 10    XL:     5   Next: 2%
Magic:  2/11       EV:  9    Int: 19    God:    Vehumet [......]
Gold:   61         SH:  0    Dex:  9    Spells: 4 memorised, 1 level left

rFire  . . .     SeeInvis +     j - +0 mace (curse)
rCold  . . .     Clarity  .     a - +0 robe
rNeg   . . .     SustAb   .     (no shield)
rPois  +         Gourm    .     b - +0 hat
rElec  .         Spirit   .     (no cloak)
rCorr  .         Warding  .     (no gloves)
rMut   .         Stasis   .     (no barding)
MR     .....                    (no amulet)
Stlth  ++........               (no ring)
                                (no ring)

@: very slow, not resistant to hostile enchantments, unstealthy
A: spit poison, see invisible, deformed body, poison resistance, slowness 2, AC
+1
a: Spit Poison, Renounce Religion


You were on level 2 of the Dungeon.
You worshipped Vehumet.
Vehumet was noncommittal.
You were not hungry.

You visited 1 branch of the dungeon, and saw 3 of its levels.

You collected 61 gold pieces.

Inventory:

Hand weapons
 j - a cursed +0 mace (weapon)
Missiles
 l - 78 stones (quivered)
 m - 17 poisoned needles
Armour
 a - a +0 robe (worn)
 b - a +0 hat (worn)
Scrolls
 e - 5 scrolls of identify {unknown}
 h - 4 scrolls of remove curse {unknown}
 k - 2 scrolls of enchant armour {unknown}
 n - 2 scrolls of fear {unknown}
 o - 2 scrolls of teleportation {unknown}
 q - a scroll of enchant weapon {unknown}
 r - a scroll of amnesia {unknown}
Potions
 g - a potion of brilliance {unknown}
 i - 2 potions of heal wounds {unknown}
 s - a potion of agility {unknown}
 v - a potion of curing {unknown}
Books
 c - a book of Minor Magic

   Spells                             Type                      Level
   a - Magic Dart                     Conjuration                  1
   b - Blink                          Translocation                2
   c - Call Imp                       Summoning                    2
   d - Repel Missiles                 Charms/Air                   2
   e - Slow                           Hexes                        2
   f - Conjure Flame                  Conjuration/Fire             3
   g - Mephitic Cloud                 Conjuration/Poison/Air       3
 p - a book of Hinderance

   Spells                             Type                      Level
   a - Confusing Touch                Hexes                        2
   b - Confuse                        Hexes                        3
   c - Petrify                        Transmutation/Earth          4
   d - Metabolic Englaciation         Hexes/Ice                    5
   e - Gell's Gravitas                Hexes/Translocation          5
   f - Summon Mana Viper              Hexes/Summoning              5
Comestibles
 d - 2 bread rations
 f - 2 meat rations
 t - a beef jerky
 u - a chunk of flesh


   Skills:
 - Level 1.5 Dodging
 - Level 3.0 Stealth
 - Level 3.0 Spellcasting
 - Level 2.8 Conjurations
 - Level 1.0 Summonings
   Level 1.0 Translocations
 + Level 3.4 Fire Magic


You had one spell level left.
You knew the following spells:

 Your Spells              Type           Power        Failure   Level  Hunger
a - Magic Dart            Conj           ##..         6%          1    None
b - Call Imp              Summ           #.......     17%         2    ##.....
c - Conjure Flame         Conj/Fire      ##......     14%         3    ###....
d - Mephitic Cloud        Conj/Pois/Air  #.......     34%         3    ###....


Dungeon Overview and Level Annotations

Branches:
Dungeon (3/15)

Altars:
Qazlal
Vehumet

Annotations:
D:2 Terence


Innate Abilities, Weirdness & Mutations

You cannot wear boots.
You can spit poison.
Your serpentine skin is tough (AC +1).
You have supernaturally acute eyesight.
Armour fits poorly on your strangely shaped body.
Your system is resistant to poisons.
You cover ground very slowly.


Message History

Terence hits you with a flail!
Use which ability? (? or * to list)
Press: ? - help, Shift-Dir - straight line, f/p - Terence
Aim: Terence, wielding a flail and wearing a chain mail (lightly wounded)
The splash of poison hits Terence.
Terence is heavily wounded.
You feel slightly more hungry. Terence hits you with a flail!
Terence says, "How do you enjoy it?" Terence barely misses you.
You have got your breath back.
Terence hits you with a flail!
There is a stone staircase leading up here.
Terence hits you with a flail!
* * * LOW HITPOINT WARNING * * *
You climb upwards.
There is a stone staircase leading down, spattered with blood here.
Terence hits you with a flail.
* * * LOW HITPOINT WARNING * * *
Terence hits you with a flail.
You die...

##.)..#>.##...##.>#
##...#...#...#...#
##.###.'#...#'.##
#..####.....#####
##..............#
#.......8......#
#..............#
#..###.....###.#
#.##@@#...#..###
#.#)..#...#...#
#.#>.##...##.<#
#.#####...#####
#....#...##
####...### #####


You could see Terence.

Vanquished Creatures
  A gnoll (D:2)
  A worm (D:2)
  2 giant geckos (D:1)
  7 bats
  2 giant cockroaches (D:1)
  10 goblins
  5 hobgoblins
  A quokka (D:2)
  2 giant newts
  5 kobolds
  8 rats
44 creatures vanquished.

Vanquished Creatures (collateral kills)
  Jessica (D:2)
  4 gnolls (D:2)
  An adder (D:2)
  A worm (D:3)
  A giant gecko (D:2)
  An ooze (D:2)
  An orc (D:3)
  A giant cockroach (D:2)
  2 goblins (D:2)
  A quokka (D:2)
  A rat (D:2)
15 creatures vanquished.

Vanquished Creatures (others)
  2 crimson imps (D:3)
  A shadow imp (D:2)
  A white imp (D:3)
4 creatures vanquished.

Grand Total: 63 creatures vanquished

Notes
Turn   | Place    | Note
--------------------------------------------------------------
     0 | D:1      | karlm, the Naga Wizard, began the quest for the Orb.
     0 | D:1      | Reached XP level 1. HP: 15/15 MP: 4/4
   571 | D:1      | Reached XP level 2. HP: 20/22 MP: 6/6
   575 | D:1      | Learned a level 2 spell: Call Imp
   965 | D:1      | Reached XP level 3. HP: 28/28 MP: 5/7
   970 | D:1      | Learned a level 3 spell: Conjure Flame
  1353 | D:2      | Reached skill level 1 in Fire Magic
  1763 | D:2      | Noticed Jessica
  1774 | D:2      | Killed Jessica
  1774 | D:2      | Reached XP level 4. HP: 36/36 MP: 1/9
  2012 | D:2      | Found a stormy altar of Qazlal.
  2012 | D:2      | Found a radiant altar of Vehumet.
  2025 | D:2      | Became a worshipper of Vehumet
  2094 | D:2      | Learned a level 3 spell: Mephitic Cloud
  2694 | D:3      | Noticed Terence
  2920 | D:3      | Reached XP level 5. HP: 42/42 MP: 2/11
  3107 | D:2      | HP: 1/42 [Terence/flail (5)]
  3108 | D:2      | Slain by Terence

Action                   |  1- 3 |  4- 6 || total
-------------------------+-------+-------++-------
Melee: Whip              |     5 |       ||     5
       Unarmed           |     1 |       ||     1
       Mace              |     3 |     2 ||     5
 Cast: Magic Dart        |    55 |    20 ||    75
       Call Imp          |     2 |    30 ||    32
 Abil: Spit Poison       |    28 |     9 ||    37
  Eat: Chunk             |     4 |     6 ||    10
